 Dungeon Crawl Stone Soup version 0.17.0-28-g6e173f8 (webtiles) character file.

101 Ijustatesigmund the Firebug (level 4, -1/33 HPs)
             Began as a Draconian Fire Elementalist on Nov 24, 2015.
             Slain by Adzinger's ghost (4 damage)
             ... on level 3 of the Dungeon.
             The game lasted 00:13:01 (2754 turns).

Ijustatesigmund the Firebug (DrFE)                  Turns: 2754, Time: 00:13:01

Health: -1/33      AC:  7    Str: 10    XL:     4   Next: 48%
Magic:  0/8        EV: 16    Int: 16    God:
Gold:   75         SH:  0    Dex: 12    Spells: 3 memorised, 2 levels left

rFire  . . .     SeeInvis .     f - +0 short sword (holy)
rCold  . . .     Clarity  .     (armour unavailable)
rNeg   . . .     SustAt   .     (no shield)
rPois  .         Gourm    .     (helmet restricted)
rElec  .         Spirit   .     (no cloak)
rCorr  .         Warding  .     d - +1 pair of gloves
rMut   .         Stasis   .     (no boots)
MR     .....                    (no amulet)
Stlth  ++........               (no ring)
                                i - +4 ring of evasion

@: not resistant to hostile enchantments, unstealthy
A: unfitting armour, cold-blooded, AC +5
a: no special abilities


You were on level 3 of the Dungeon.
You were not hungry.

You visited 1 branch of the dungeon, and saw 3 of its levels.

You collected 75 gold pieces.

Inventory:

Hand Weapons
 f - a +0 short sword of holy wrath (weapon)
 g - a +0 short sword
Armour
 d - a +1 pair of gloves (worn)
Jewellery
 i - a +4 ring of evasion (left hand)
Scrolls
 c - a scroll of teleportation
 e - a scroll of identify
 h - 2 scrolls of remove curse
 o - a scroll of blinking {unknown}
Potions
 j - a potion of agility
 n - a potion of ambrosia
Books
 a - a book of Flames

   Spells                             Type                      Level
   a - Flame Tongue                   Conjuration/Fire             1
   b - Throw Flame                    Conjuration/Fire             2
   c - Conjure Flame                  Conjuration/Fire             3
   d - Inner Flame                    Hexes/Fire                   3
   e - Sticky Flame                   Conjuration/Fire             4
   f - Fireball                       Conjuration/Fire             5
 k - a book of Maledictions

   Spells                             Type                      Level
   a - Corona                         Hexes                        1
   b - Ensorcelled Hibernation        Hexes/Ice                    2
   c - Confuse                        Hexes                        3
   d - Tukima's Dance                 Hexes                        3
   e - Dazzling Spray                 Conjuration/Hexes            3
Comestibles
 b - 2 bread rations
 m - 4 fruits


   Skills:
 + Level 0.2 Fighting
 + Level 0.4 Short Blades
 - Level 1.7 Dodging
 - Level 1.7 Stealth
 + Level 2.7 Spellcasting
 * Level 2.9 Conjurations
 - Level 3.7 Fire Magic


You had 2 spell levels left.
You knew the following spells:

 Your Spells              Type           Power        Failure   Level  Hunger
a - Flame Tongue          Conj/Fire      ##...        6%          1    #......
b - Throw Flame           Conj/Fire      ##....       10%         2    ##.....
c - Conjure Flame         Conj/Fire      ##......     14%         3    ###....


Dungeon Overview and Level Annotations

Branches:
Dungeon (3/15)

Altars:

Annotations:
D:3 Adzinger's ghost, weakling HOSk


Innate Abilities, Weirdness & Mutations

Your plain brown scales are hard (AC +5).
Your body does not fit into most forms of armour.
You are cold-blooded and may be slowed by cold attacks.


Message History

You closely miss Adzinger's ghost.
Your tail-slap misses Adzinger's ghost.
Adzinger's ghost is heavily damaged.
Adzinger's ghost closely misses you.
You barely miss Adzinger's ghost.
Adzinger's ghost is heavily damaged.
Adzinger's ghost completely misses you.
You completely miss Adzinger's ghost.
Adzinger's ghost is heavily damaged.
Adzinger's ghost completely misses you.
You barely miss Adzinger's ghost.
Adzinger's ghost is heavily damaged.
Adzinger's ghost hits you!
You hit Adzinger's ghost.
Adzinger's ghost convulses.
Adzinger's ghost is almost destroyed.
Adzinger's ghost hits you!
* * * LOW HITPOINT WARNING * * *
You closely miss Adzinger's ghost.
Adzinger's ghost is almost destroyed.
Adzinger's ghost hits you.
You die...

'.....# #.# ##....# #.#
#........ ##....+ ..# #........
##....# #.######## .........
.#....# #........# #....?...
.#....###........# ##........
.#...............# .........
.###.............#######........
#............@W..............
#..........>..######.........
#........†....######.#+######
######........'...##.#
#........'#......
######†#......#.#
...............#
.............### #........(....#


You could see Adzinger's ghost.

Vanquished Creatures
  Robin (D:2)
  3 adders
  An ooze (D:2)
  A worm (D:1)
  A giant gecko (D:1)
  A ball python (D:1)
  4 giant cockroaches
  12 goblins
  10 hobgoblins
  2 quokkas (D:2)
  4 bats
  5 giant newts
  6 kobolds
  2 rats
53 creatures vanquished.

Notes
Turn   | Place    | Note
--------------------------------------------------------------
     0 | D:1      | Ijustatesigmund the Draconian Fire Elementalist began the quest for the Orb.
     0 | D:1      | Reached XP level 1. HP: 14/14 MP: 3/3
   334 | D:1      | Reached XP level 2. HP: 20/20 MP: 1/5
   444 | D:1      | Learned a level 2 spell: Throw Flame
  1160 | D:2      | Reached XP level 3. HP: 15/26 MP: 1/6
  1410 | D:2      | Found a faded altar to an unknown god.
  1885 | D:2      | Learned a level 3 spell: Conjure Flame
  2046 | D:2      | Noticed Robin
  2051 | D:2      | Killed Robin
  2051 | D:2      | Reached XP level 4. HP: 33/33 MP: 2/8
  2713 | D:3      | Noticed Adzinger's ghost (weakling HOSk)
  2754 | D:3      | Slain by Adzinger's ghost

Action                   |  1- 3 |  4- 6 || total
-------------------------+-------+-------++-------
Melee: Unarmed           |     3 |       ||     3
       Short sword       |    15 |     7 ||    22
 Cast: Flame Tongue      |    71 |    38 ||   109
       Throw Flame       |     2 |     1 ||     3
  Use: Scroll            |     8 |     1 ||     9
 Stab: Sleeping          |       |     1 ||     1
  Eat: Chunk             |     4 |     3 ||     7
